 Dungeon Crawl Stone Soup version 0.24.0-1-gfbc8707 (webtiles) character file.

Game seed: 1667372203189082892, levelgen mode: deterministic

127 Deaus the Shield-Bearer (level 5, -3/28 HPs)
             Began as a Vine Stalker Fighter on Nov 1, 2019.
             Was an Initiate of Gozag.
             Slain by a hornet (4 damage)
             ... on level 3 of the Dungeon.
             The game lasted 00:04:01 (2338 turns).

Deaus the Shield-Bearer (Vine Stalker Fighter)      Turns: 2338, Time: 00:04:03

Health: -3/28      AC:  6    Str: 23    XL:     5   Next: 11%
Magic:  0/6        EV:  8    Int:  8    God:    Gozag
Gold:   87         SH: 10    Dex: 15    Spells: 4/4 levels left

rFire    . . .     SeeInvis .   a - +0 long sword
rCold    . . .     Gourm    .   c - +0 shield
rNeg     . . .     Faith    .   b - +0 scale mail
rPois    .         Spirit   +   (no helmet)
rElec    .         Reflect  .   (no cloak)
rCorr    .         Harm     .   (no gloves)
MR       .....                  (no boots)
Stlth    ..........             (no amulet)
HPRegen  0.49/turn              (no ring)
MPRegen  0.10/turn              (no ring)

@: mighty, lethally poisoned (-3 -> -7)
A: fangs 2, regeneration 1, magic shield, antimagic bite, no potion heal 3, rot
immunity
a: Potion Petition, Call Merchant, Bribe Branch, Renounce Religion


You were on level 3 of the Dungeon.
You worshipped Gozag.
Gozag was noncommittal.
You were not hungry.

You visited 1 branch of the dungeon, and saw 3 of its levels.

You collected 119 gold pieces.
You paid 32 gold pieces to Gozag.

Inventory:

Hand Weapons
 a - a +0 long sword (weapon)
Armour
 b - a +0 scale mail (worn)
 c - a +0 shield (worn)
Jewellery
 s - a +3 ring of strength {unknown}
Scrolls
 e - 2 scrolls of random uselessness {unknown}
 i - 3 scrolls of identify {unknown}
 j - a scroll of fear {unknown}
 l - a scroll of teleportation {unknown}
 n - a scroll of enchant weapon {unknown}
 o - 2 scrolls of remove curse {unknown}
 r - 2 scrolls of magic mapping {unknown}
Potions
 g - a potion of magic
 h - a potion of haste {unknown}
 k - a potion of brilliance {unknown}
 m - a potion of flight {unknown}
 q - a potion of curing {unknown}
Comestibles
 f - 8 rations


   Skills:
 * Level 3.2 Fighting
 * Level 2.8 Long Blades
 * Level 3.1 Armour
 * Level 0.9 Dodging
 * Level 3.2 Shields


You had 4 spell levels left.
You didn't know any spells.
Your spell library was empty.

Dungeon Overview and Level Annotations

Branches:
Dungeon (3/15)

Altars:
Gozag


Innate Abilities, Weirdness & Mutations

You have extremely sharp teeth.
Your natural rate of healing is unusually fast.
When hurt, damage is shared between your health and your magic reserves.
Your bite disrupts and absorbs the magic of your enemies.
Potions cannot restore your health.
You are immune to rotting.


Message History

You can move again.
You feel very mighty all of a sudden.
You feel yourself speed up.
You feel sick. You block the hornet's attack. x2
The hornet closely misses you.
You closely miss the hornet. You bite the hornet. You drain its power.
You feel invigorated.
The hornet is lightly wounded.
The hornet stings you.
* * * LOW HITPOINT WARNING * * *
You are lethally poisoned!
You feel yourself slow down. You block the hornet's attack.
You hit the hornet. You bite the hornet! You drain its power.
You feel invigorated.
The hornet is heavily wounded.
You feel yourself speed up.
* * * LOW HITPOINT WARNING * * *
You feel very sick. The hornet stings you!
You die...
Your body crumbles into a pile of gold.

#......>..รท.....................
##+##.#.#####....#...###########
#.##...#####.#......###########
#>.............................
#####........#.<....###########
#.#....#########...# #......#
#....).# #......# #.####.#
####...# #@#....# #### #...#
#..y.##.#<# #... #...#
#.#####.#.# #...
#...###.#####.#.########...
#.......##....#....##......
####.#####.#######.......##
#..#..........##.#.###.##
#(......................)
#..#############.########


You could see a hornet.

Vanquished Creatures
  A worker ant (D:3)
  4 adders
  2 worms
  2 dart slugs
  3 leopard geckos
  An orc (D:3)
  3 bats
  2 giant cockroaches
  6 goblins
  4 hobgoblins
  6 jackals
  3 ball pythons (D:3)
  6 frilled lizards
  6 kobolds
  7 rats
56 creatures vanquished.

Notes
Turn   | Place    | Note
-------+----------+-------------------------------------------
     0 | D:1      | Deaus the Vine Stalker Fighter began the quest for the Orb.
     0 | D:1      | Reached XP level 1. HP: 11/11 MP: 2/2
   243 | D:1      | Reached XP level 2. HP: 16/16 MP: 3/3
  1152 | D:2      | Reached XP level 3. HP: 17/19 MP: 4/4
  1649 | D:2      | Gained mutation: Your natural rate of healing is unusually
                  | fast. [Vine Stalker growth]
  1649 | D:2      | Reached XP level 4. HP: 14/24 MP: 5/5
  2157 | D:3      | Reached XP level 5. HP: 26/28 MP: 4/6
  2241 | D:3      | Found an opulent altar of Gozag.
  2256 | D:3      | Became a worshipper of Gozag Ym Sagoz the Greedy
  2331 | D:3      | Noticed a hornet
  2334 | D:3      | Paralysed by a hornet for 3 turns
  2338 | D:3      | HP: 1/28 [poisoned by a hornet]
  2338 | D:3      | Slain by a hornet

Levels and vault maps discovered:
D:1:      onia_arrival_pentagram, layout_basic, kennysheep_flooded_box
D:2:      layout_basic
D:3:      layout_basic, roderic_lattice_a, grunt_gozag_breadcrumbs

Skill      XL: |  1  2  3  4 |
---------------+-------------+-----
Long Blades    | 2 |  2.8
Shields        | 3 |  3.2
Fighting       | 3 |  3.2
Armour         | 3 |  3.1
Dodging        | |  0.9

Action                   |  1- 3 |  4- 6 || total
-------------------------+-------+-------++-------
Melee: Long sword        |    92 |    70 ||   162
       Bite              |    28 |    16 ||    44
  Use: Potion            |       |     2 ||     2
  Eat: Chunk             |     2 |     3 ||     5
Armor: Scale mail        |    36 |    26 ||    62
Dodge: Dodged            |    21 |    16 ||    37
Block: Shield            |    42 |    34 ||    76
       Rpst.: Long sword |     7 |     8 ||    15
